 Dungeon Crawl Stone Soup version 0.20.0-7-g3b7b877 (webtiles) character file.

193 McKennaii the Skirmisher (level 5, -4/43 HPs)
             Began as a Demonspawn Abyssal Knight on May 29, 2017.
             Was a Believer of Lugonu.
             Slain by Zigma's ghost (8 damage)
             ... on level 4 of the Dungeon.
             The game lasted 00:04:43 (2722 turns).

McKennaii the Skirmisher (DsAK)                     Turns: 2722, Time: 00:04:43

Health: -4/43      AC: 21    Str: 13    XL:     5   Next: 44%
Magic:  6/6        EV:  4    Int: 13    God:    Lugonu [**....]
Gold:   187        SH:  0    Dex: 13    Spells: 4/4 levels left

rFire    . . .     SeeInvis .   a - +1 falchion
rCold    . . .     Gourm    .   (no shield)
rNeg     . . .     Faith    .   u - +0 plate armour (curse)
rPois    .         Spirit   .   r - +4 helmet of Devotion {rCorr}
rElec    .         Reflect  .   e - +2 cloak
rCorr    +         Harm     .   m - +0 pair of gloves
MR       .....                  (no boots)
Stlth    ..........             (no amulet)
Regen    0.2/turn               (no ring)
MPRegen  0.1/turn               (no ring)

@: no status effects
A: rugged brown scales 1, nightstalker 1, spiny 1
a: Depart the Abyss, Bend Space, Renounce Religion


You were on level 4 of the Dungeon.
You worshipped Lugonu.
Lugonu was pleased with you.
You were not hungry.

You visited 1 branch of the dungeon, and saw 4 of its levels.
You visited the Abyss 1 time.

You collected 187 gold pieces.

Inventory:

Hand Weapons
 a - a +1 falchion (weapon)
Armour
 b - a scarf of cloud immunity
 e - a +2 cloak (worn)
 m - a +0 pair of gloves (worn)
 r - the +4 helmet of Devotion (worn) {rCorr}
   (You took it off Robin on level 2 of the Dungeon)

   It protects you from acid and corrosion.
 u - a cursed +0 plate armour (worn)
Wands
 d - a wand of iceblast (9/15)
Scrolls
 g - a scroll of remove curse {unknown}
 h - 5 scrolls of identify {unknown}
 j - a scroll of random uselessness {unknown}
 o - a scroll of enchant armour {unknown}
 q - a scroll of fear {unknown}
 t - a scroll of amnesia {unknown}
 v - a scroll of magic mapping {unknown}
Potions
 f - a potion of degeneration {unknown}
 i - a potion of lignification {unknown}
 l - a potion of agility {unknown}
 s - a potion of curing {unknown}
Comestibles
 c - 4 bread rations
 k - 2 royal jellies
 n - 2 meat rations
 p - 3 chunks of flesh
 w - 4 fruits


   Skills:
 + Level 4.3 Fighting
 + Level 3.3 Long Blades
 + Level 2.2 Armour
 + Level 2.0 Dodging
 + Level 1.0 Stealth
 + Level 2.4 Invocations


You had 4 spell levels left.
You didn't know any spells.

Dungeon Overview and Level Annotations

Branches:
Dungeon (4/15)
 Temple: D:4-7

Altars:

Annotations:
D:4 Zigma's ghost, novice DrMo


Innate Abilities, Weirdness & Mutations

You are partially covered in rugged brown scales. (AC +1, +3% HP)
You are slightly more attuned to the shadows.
You are partially covered in sharp spines.


Message History

Zigma's ghost hits you but does no damage.
You miss Zigma's ghost.
Zigma's ghost is almost destroyed.
Zigma's ghost hits you!
* * * LOW HITPOINT WARNING * * *
You hit Zigma's ghost.
Zigma's ghost is almost destroyed.
Zigma's ghost hits you but does no damage.
Okay, then.
Zigma's ghost screams, "Don't try to defend!
You have no chance!"
There is a stone staircase leading up here.
You closely miss Zigma's ghost.
Zigma's ghost is almost destroyed.
Zigma's ghost is struck by your spines. Zigma's ghost barely misses you.
You riposte.
You hit Zigma's ghost but do no damage.
Zigma's ghost is almost destroyed.
You hit Zigma's ghost but do no damage.
Zigma's ghost is almost destroyed.
Zigma's ghost hits you!
You die...

...........
..........
#........#
##.(.$....##
#?.........#
#.......<..#
#..........#
#.....W....#
#.....@....#
##........##
##......##
########


You could see Zigma's ghost.

Vanquished Creatures
  An orc wizard (D:3)
  Robin (D:2)
  6 adders
  2 river rats (D:3)
  2 dart slugs (D:1)
  2 leopard geckos
  3 orcs (D:3)
  3 giant cockroaches
  14 goblins
  10 hobgoblins
  3 jackals (D:3)
  3 kobolds
  A quokka (D:3)
  3 ball pythons
  3 bats
  6 frilled lizards
  12 rats
75 creatures vanquished.

Notes
Turn   | Place    | Note
-------+----------+-------------------------------------------
     0 | Abyss:1  | McKennaii the Demonspawn Abyssal Knight began the quest for the Orb.
     0 | Abyss:1  | Reached XP level 1. HP: 18/18 MP: 2/2
    48 | Abyss:2  | Noticed a large abomination
    53 | Abyss:2  | Noticed a small abomination
    58 | Abyss:2  | Noticed a spatial maelstrom
    59 | Abyss:2  | Noticed a spatial vortex
    61 | Abyss:2  | Noticed a spatial vortex
    63 | Abyss:2  | Noticed a spatial vortex
    66 | Abyss:2  | Noticed a small abomination
    70 | D:1      | Escaped the Abyss
   568 | D:1      | Gained mutation: You are partially covered in sharp spines. [demonic ancestry]
   568 | D:1      | Reached XP level 2. HP: 24/24 MP: 3/3
   606 | D:1      | Reached * piety under Lugonu
  1342 | D:2      | Gained mutation: You are partially covered in rugged brown scales. (AC +1, +3% HP) [demonic ancestry]
  1342 | D:2      | Reached XP level 3. HP: 23/30 MP: 4/4
  1409 | D:2      | Reached skill level 4 in Fighting
  1429 | D:2      | Reached skill level 1 in Dodging
  1616 | D:3      | Noticed Robin
  1702 | D:2      | Killed Robin
  1711 | D:2      | Got a shimmering helmet
  1725 | D:2      | Identified the +4 helmet of Devotion {rCorr} (You took it off Robin on level 2 of the Dungeon)
  1730 | D:3      | Reached ** piety under Lugonu
  1730 | D:3      | Gained mutation: You are slightly more attuned to the shadows. [demonic ancestry]
  1730 | D:3      | Reached XP level 4. HP: 34/38 MP: 5/5
  2395 | D:3      | Reached XP level 5. HP: 41/43 MP: 6/6
  2550 | D:3      | Reached skill level 1 in Stealth
  2684 | D:4      | Noticed Zigma's ghost (novice DrMo)
  2722 | D:4      | Slain by Zigma's ghost

Skill      XL: |  1  2  3  4  5 |
---------------+----------------+-----
Long Blades    | 2 3 |  3.3
Fighting       | 4 |  4.3
Dodging        | 1 2 |  2.0
Armour         | 2 |  2.2
Stealth        | 1 |  1.0
Invocations    | |  2.4

Action                   |  1- 3 |  4- 6 || total
-------------------------+-------+-------++-------
Melee: Falchion          |    77 |   105 ||   182
Invok: Depart the Abyss  |     1 |       ||     1
 Stab: Sleeping          |       |     2 ||     2
  Eat: Chunk             |     2 |     4 ||     6
Armor: Leather armour    |    21 |       ||    21
       Ring mail         |    23 |    22 ||    45
       Plate armour      |       |    52 ||    52
Dodge: Dodged            |    52 |    31 ||    83
       Rpst.: Falchion   |    14 |    13 ||    27
